 Dungeon Crawl Stone Soup version 0.20-a0-1065-g8446734 (console) character file.

8426 nht the Cleaver (level 11, -6/72 HPs)
             Began as a Formicid Hunter on Apr 28, 2017.
             Was an Elder of Okawaru.
             Mangled by a yak (14 damage)
             ... on level 10 of the Dungeon.
             The game lasted 00:24:36 (9986 turns).

nht the Cleaver (Formicid Hunter)                   Turns: 9986, Time: 00:24:37

Health: -6/72      AC: 12    Str: 20    XL:     11   Next: 55%
Magic:  15/15      EV: 11    Int: 11    God:    Okawaru [****..]
Gold:   573        SH:  0    Dex: 13    Spells: 10/10 levels left

rFire    + . .     SeeInvis +   b - +1 war axe
rCold    . . .     Gourm    .   (no shield)
rNeg     . . .     Faith    +   k - +3 ring mail
rPois    .         Spirit   .   (helmet unavailable)
rElec    .         Reflect  .   o - +0 cloak
rCorr    .         Harm     .   e - +0 pair of gloves
MR       +....                  q - +1 pair of boots
Stlth    ++........             G - amulet of faith
Regen    0.3/turn               t - ring of stealth
MPRegen  0.2/turn               E - ring of Fatigue {Wiz rF+ Dex+2}

@: studying Axes
A: permanent stasis, dig shafts and tunnels, four strong arms, antennae 3,
mutation resistance 1, subdued magic 1, MP-powered wands
a: Dig, Shaft Self, Heroism, Renounce Religion


You were on level 10 of the Dungeon.
You worshipped Okawaru.
Okawaru was greatly pleased with you.
You were near starving.

You visited 2 branches of the dungeon, and saw 11 of its levels.
You also visited: Sewer.

You collected 573 gold pieces.

Inventory:

Hand Weapons
 a - a +1 hand crossbow
 b - a +1 war axe (weapon)
 A - a +3 flail of draining
 F - a +0 whip of electrocution
Missiles
 d - 20 bolts
Armour
 e - a +0 pair of gloves (worn)
 k - a +3 ring mail (worn)
 o - a +0 cloak (worn)
 q - a +1 pair of boots (worn)
Jewellery
 t - a ring of stealth (left hand)
 E - the ring of Fatigue (right hand) {Wiz rF+ Dex+2}
   (You found it on level 9 of the Dungeon)

   [ring of wizardry]

   It improves your spell success rate.
   It affects your dexterity (+2).
   It protects you from fire.
 G - an amulet of faith (around neck)
Wands
 c - a wand of flame (3/48)
 h - a wand of digging (15/24)
 y - a wand of random effects (31/48)
 C - a wand of paralysis (3/24)
Scrolls
 j - a scroll of fear
 m - 3 scrolls of remove curse
 n - 3 scrolls of amnesia
 B - 2 scrolls of identify
Potions
 l - 2 potions of mutation
 p - 3 potions of might
 r - 2 potions of agility
 s - a potion of resistance
 v - 2 potions of lignification
 w - a potion of curing
 x - a potion of cancellation
 z - 2 potions of flight
Books
 u - a manual of Axes
Comestibles
 f - 7 bread rations
 g - 6 royal jellies
 i - 4 meat rations
 D - 3 fruits


   Skills:
 - Level 2.1 Fighting
 * Level 14.6 Axes
 - Level 10.0 Crossbows
 - Level 1.7 Dodging
 - Level 1.2 Stealth
 - Level 6.1 Invocations


You had 10 spell levels left.
You didn't know any spells.

Dungeon Overview and Level Annotations

Branches:
Dungeon (10/15)            Temple (1/1) D:6            Lair (0/6) D:8
    Orc: D:9-12

Altars:
Ashenzari
Cheibriados
Dithmenos
Elyvilon
Fedhas
Gozag
Hepliaklqana
Kikubaaqudgha
Makhleb
Nemelex Xobeh
Okawaru
Qazlal
Ru
Sif Muna
Trog
Uskayaw
Vehumet
Wu Jian
Xom
Yredelemnul
Zin
The Shining One

Annotations:
D:10 exclusion: killer bee


Innate Abilities, Weirdness & Mutations

You cannot be hasted, slowed, berserked, paralysed or teleported.
You can dig through walls and to a lower floor.
Your four strong arms can wield two-handed weapons with a shield.
You have a pair of large antennae on your head. (SInv)
You are somewhat resistant to further mutation.
Your spells are a little easier to cast, but a little less powerful.
You expend magic power (3 MP) to strengthen your wands.


Message History

The yak is moderately wounded.
The yak gores you.
* * * LOW HITPOINT WARNING * * *
You slash the yak!
The yak is heavily wounded.
You hit the yak but do no damage.
The yak is heavily wounded.
The yak closely misses you.
You barely miss the yak.
The yak is heavily wounded.
The yak gores you!
* * * LOW HITPOINT WARNING * * *
You feel better. The yak gores you.
* * * LOW HITPOINT WARNING * * *
Evoke which item? (* to show all) (? for menu, Esc to quit)
Okay, then.
You barely miss the yak.
The yak is heavily wounded.
The yak gores you!
You die...

█..............(..
█............(.Y..
█.......██'███████
█.......█.........
█.......█.........
█.█████.█.........
█.█ █.█.........
█(█ █.'..)......
█@█████.█.........
█Y....(÷█.........
█....(..█..██...██
█.....███..██...██
█...(.█...........
█...(.█...........
█...(.█...........
█...(.█...........
█.....███..██.████


You could see a yak.

Vanquished Creatures
  Harold (D:10)
  2 two-headed ogres
  Pikel (D:7)
  Prince Ribbit (D:6)
  2 hippogriffs
  A wyvern (D:10)
  4 yaks (D:10)
  Sigmund (D:5)
  A spriggan (D:7)
  Menkaure (D:5)
  6 porcupines
  Duvessa (D:5)
  2 black bears
  3 sky beasts
  A slave (D:7)
  An ice beast (D:10)
  Purgy (Sewer)
  A phantom (D:5)
  4 ogres
  3 centaurs
  2 crocodiles
  2 big kobolds
  The ghost of anet the Magician, an amateur DEWz (D:3)
  Dowan (D:5)
  7 bullfrogs
  A water moccasin skeleton (D:10)
  A scorpion (D:6)
  4 howler monkeys
  9 crimson imps
  6 hounds
  A quasit (D:7)
  Crazy Yiuf (D:3)
  2 orc priests
  A bullfrog skeleton (D:4)
  7 orc wizards
  Jessica (D:3)
  Ijyb (D:5)
  An iguana (D:9)
  5 worker ants
  A hound zombie (D:10)
  2 hound skeletons
  2 worker ant zombies
  Robin (D:2)
  4 gnolls (D:2)
  A howler monkey zombie (D:5)
  A howler monkey skeleton (D:7)
  7 adders
  2 shadow imps
  An ooze (D:1)
  An adder skeleton (D:4)
  3 dart slugs
  4 worms
  4 leopard geckos
  35 orcs
  A ball python (D:3)
  6 bats
  7 giant cockroaches
  15 goblins
  7 hobgoblins
  15 jackals
  14 kobolds
  4 quokkas
  6 frilled lizards
  A jackal zombie (D:5)
  A leopard gecko skeleton (D:7)
  2 quokka zombies
  7 rats
247 creatures vanquished.

Vanquished Creatures (others)
  2 gnolls (D:7)
  15 fungi (D:8)
  4 plants (D:8)
21 creatures vanquished.

Grand Total: 268 creatures vanquished

Notes
Turn   | Place    | Note
-------+----------+-------------------------------------------
     0 | D:1      | nht the Formicid Hunter began the quest for the Orb.
     0 | D:1      | Reached XP level 1. HP: 16/16 MP: 1/1
    19 | D:1      | Reached XP level 2. HP: 22/22 MP: 2/2
   244 | D:1      | Reached XP level 3. HP: 27/27 MP: 3/3
   340 | D:1      | Reached skill level 5 in Crossbows
   567 | D:2      | Noticed Robin
   713 | D:2      | Reached XP level 4. HP: 33/33 MP: 4/4
   887 | D:2      | Killed Robin
   887 | D:2      | Reached XP level 5. HP: 38/38 MP: 5/5
  1340 | D:3      | Reached XP level 6. HP: 24/44 MP: 6/6
  1429 | D:3      | Noticed anet's ghost (amateur DEWz)
  1444 | D:3      | Killed anet's ghost
  1479 | D:3      | Found a glowing drain.
  1483 | Sewer    | Entered a sewer
  1486 | Sewer    | Noticed Purgy
  1503 | Sewer    | Killed Purgy
  1713 | Sewer    | Reached XP level 7. HP: 50/50 MP: 7/7
  2226 | D:3      | Noticed Jessica
  2235 | D:3      | Killed Jessica
  2400 | D:3      | Found a runed door.
  2567 | D:3      | Noticed Crazy Yiuf
  2569 | D:3      | Killed Crazy Yiuf
  2610 | D:4      | Found a snail-covered altar of Cheibriados.
  2674 | D:4      | Found a burning altar of Makhleb.
  3006 | D:4      | Found a glowing silver altar of Zin.
  3006 | D:4      | Noticed an angel
  3007 | D:4      | Noticed a blizzard demon
  3524 | D:5      | Entered Level 5 of the Dungeon
  3596 | D:5      | Reached XP level 8. HP: 38/56 MP: 8/8
  3679 | D:5      | Noticed Duvessa
  3686 | D:5      | Killed Duvessa
  3687 | D:5      | Noticed Dowan
  3950 | D:5      | Reached skill level 10 in Crossbows
  3973 | D:5      | Reached skill level 2 in Axes
  4051 | D:5      | Noticed Menkaure
  4058 | D:5      | Killed Menkaure
  4058 | D:5      | Reached skill level 3 in Axes
  4062 | D:5      | Reached skill level 4 in Axes
  4385 | D:5      | Noticed Sigmund
  4390 | D:5      | Killed Sigmund
  4390 | D:5      | Reached skill level 5 in Axes
  4390 | D:5      | Reached XP level 9. HP: 61/61 MP: 9/9
  4541 | D:5      | Noticed Ijyb
  4551 | D:5      | Killed Dowan
  4555 | D:5      | Killed Ijyb
  4602 | D:5      | Reached skill level 6 in Axes
  4934 | D:6      | Reached skill level 7 in Axes
  5122 | D:6      | Found a staircase to the Ecumenical Temple.
  5195 | Temple   | Entered the Ecumenical Temple
  5356 | Temple   | Became a worshipper of Warmaster Okawaru
  5501 | D:6      | Noticed Prince Ribbit
  5510 | D:6      | Killed Prince Ribbit
  5510 | D:6      | Reached skill level 8 in Axes
  5790 | D:7      | Found a shadowy altar of Dithmenos.
  5868 | D:7      | Found an iron altar of Okawaru.
  6002 | D:7      | Reached * piety under Okawaru
  6076 | D:7      | Reached skill level 9 in Axes
  6317 | D:7      | Reached skill level 1 in Invocations
  6317 | D:7      | Reached XP level 10. HP: 39/67 MP: 9/11
  6366 | D:7      | Found a glowing golden altar of the Shining One.
  6412 | D:7      | Gained mutation: You expend magic power (3 MP) to strengthen your wands. [potion of mutation]
  6412 | D:7      | Gained mutation: Your spells are a little easier to cast, but a little less powerful. [potion of mutation]
  6412 | D:7      | Gained mutation: You are somewhat resistant to further mutation. [potion of mutation]
  6544 | D:7      | Noticed Pikel
  6572 | D:7      | Killed Pikel
  6572 | D:7      | Reached ** piety under Okawaru
  6572 | D:7      | Reached skill level 10 in Axes
  7409 | D:8      | Found a staircase to the Lair.
  7409 | D:8      | Noticed a two-headed ogre
  7629 | D:7      | Killed a two-headed ogre
  7629 | D:7      | Reached skill level 11 in Axes
  7629 | D:7      | Reached skill level 5 in Invocations
  7653 | D:8      | Reached *** piety under Okawaru
  8130 | D:8      | Reached XP level 11. HP: 72/72 MP: 15/15
  8565 | D:8      | Identified a scroll of acquirement
  8649 | D:9      | Got a brightly glowing wooden ring
  8650 | D:9      | Identified the ring of Fatigue {Wiz rF+ Dex+2} (You found it on level 9 of the Dungeon)
  8764 | D:9      | Found a snail-covered altar of Cheibriados.
  8833 | D:9      | Found a white marble altar of Elyvilon.
  9123 | D:9      | Reached skill level 12 in Axes
  9323 | D:10     | Entered Level 10 of the Dungeon
  9372 | D:10     | Noticed a two-headed ogre
  9381 | D:10     | Killed a two-headed ogre
  9424 | D:10     | Noticed Harold
  9427 | D:10     | Noticed an unseen horror
  9450 | D:10     | Killed Harold
  9450 | D:10     | Reached **** piety under Okawaru
  9450 | D:10     | Reached skill level 13 in Axes
  9600 | D:10     | Reached skill level 14 in Axes
  9971 | D:10     | Received a gift from Okawaru
  9984 | D:10     | HP: 3/72 [yak (9)]
  9986 | D:10     | Mangled by a yak

Vault maps used:
D:1:      dpeg_arrival_pond, minmay_tromino_v4_c
D:2:      uniq_robin
D:3:      gup_sewer_entry_bowl, first_bread, uniq_jessica,
          uniq_crazy_yiuf_cottage
D:4:      grunt_temple_overflow_order_and_chaos_2, cheibriados_altar_1
D:5:      kennysheep_big_empty_room, uniq_duvessa, uniq_sigmund, uniq_menkaure,
          uniq_ijyb
D:6:      temple_hall, uniq_prince_ribbit1
D:7:      tso_oasis_becter, nicolae_dithmenos_through_a_glass_darkly,
          the_bakery, minmay_door_square, okawaru_gym_becter, uniq_pikel
D:8:      due_lair_maze_entry_diamond
D:9:      grunt_temple_overflow_open
D:10:     st_stairs_1, uniq_harold
Temple:   eino_temple_scatter_basement
Sewer:    kennysheep_door_sewer

Skill      XL: |  1  2  3  4  5  6  7  8  9 10 11 |
---------------+----------------------------------+-----
Crossbows      | 5 6 7 9 10 | 10.0
Axes           | 5 9 11 14 | 14.6
Invocations    | 1 5 6 |  6.1
Fighting       | |  2.1
Dodging        | |  1.7
Stealth        | |  1.2

Action                   |  1- 3 |  4- 6 |  7- 9 | 10-12 || total
-------------------------+-------+-------+-------+-------++-------
Melee: Flail             |       |   112 |   291 |   135 ||   538
       Whip              |       |       |       |   118 ||   118
       War axe           |       |       |       |    39 ||    39
       Punch             |       |       |       |     3 ||     3
 Fire: Hand crossbow     |    60 |    30 |   109 |    58 ||   257
Invok: Heroism           |       |       |       |     4 ||     4
Evoke: Wand              |       |       |     3 |    16 ||    19
       Phantom mirror    |       |       |       |     1 ||     1
  Use: Potion            |       |     2 |     3 |     3 ||     8
       Scroll            |       |       |     8 |    12 ||    20
 Stab: Paralysed         |       |       |       |    16 ||    16
       Sleeping          |       |       |       |     3 ||     3
  Eat: Chunk             |       |     3 |    14 |    10 ||    27
       Fruit             |       |       |       |     1 ||     1
Armor: Ring mail         |     3 |    86 |   161 |   111 ||   361
       Skin              |       |       |    22 |       ||    22
Dodge: Dodged            |    17 |    89 |   204 |   159 ||   469
Block: Other             |       |       |     9 |       ||     9
       Reflection        |       |       |     2 |       ||     2
